 Dungeon Crawl Stone Soup version 0.30-b1-2-g02819fbbbe (webtiles) character file.

Game seed: 13605004752045414056

10 Alarkh the Grasshopper (level 2, 22/22 HPs)
             Began as a Demonspawn Warper on May 28, 2023.
             Got out of the dungeon alive.
             The game lasted 00:00:46 (462 turns).

Alarkh the Grasshopper (Demonspawn Warper)           Turns: 462, Time: 00:00:47

Health: 22/22      AC:  4    Str: 11    XL:     2   Next: 10%
Magic:  5/5        EV: 11    Int: 14    God:
Gold:   62         SH:  0    Dex: 12    Spells: 5/5 levels left

rFire   . .          .
                       - Unarmed
rCold   . . .        (no shield)
rNeg    . . .        a - +0 leather armour
rPois   .            g - +0 helmet
rElec   .            (no cloak)
rCorr   .            (no gloves)
SInv    .            (no boots)
Will    .....        d - amulet of regeneration
Stlth   +            (no ring)
HPRegen 1.03/turn    (no ring)
MPRegen 0.09/turn

%: no passive effects
@: no status effects
A: sanguine armour 1
a: no special abilities


You escaped.
You visited 1 branch of the dungeon, and saw 1 of its levels.

You collected 62 gold pieces.

Inventory:

Hand Weapons
 b - a +0 sling
Missiles
 c - 7 boomerangs of dispersal (quivered)
Armour
 a - a +0 leather armour (worn)
 g - a +0 helmet (worn)
Jewellery
 d - an amulet of regeneration (around neck)
Scrolls
 e - a scroll of identify {unknown}
 f - a scroll of blinking
 h - a scroll of noise {unknown}
Potions
 i - a potion of might {unknown}
 j - a potion of curing {unknown}


   Skills:
 - Level 2.0 Fighting
 - Level 0.8 Throwing
 - Level 0.8 Armour
 - Level 1.7 Dodging
 + Level 2.5 Unarmed Combat
 - Level 2.0 Spellcasting
 - Level 2.6 Translocations


You had 5 spell levels left.
You didn't know any spells.
Your spell library contained the following spells:

 Spells                   Type           Power      Damage    Failure   Level
 Blink                    Tloc           16%        N/A       16%         2
 Lesser Beckoning         Tloc           16%        N/A       16%         2
 Freeze                   Ice            4%         1d3       30%         1
 Sandblast                Erth           2%         2d4       30%         1
 Teleport Other           Tloc           8%         N/A       30%         3
 Passwall                 Tmut/Erth      0%         N/A       43%         2
 Vhi's Electric Charge    Tloc/Air       10%        N/A       47%         3
 Frozen Ramparts          Ice            2%         1d1       67%         3
 Hailstorm                Conj/Ice       1%         3d3       67%         3
 Stone Arrow              Conj/Erth      2%         3d7       67%         3
 Manifold Assault         Tloc           8%         N/A       71%         4


Dungeon Overview and Level Annotations

Branches:
Dungeon (1/15)

Altars:


Innate Abilities, Weirdness & Mutations

When seriously injured, your blood forms armour. (AC +0)


Message History

You closely miss the ball python. You punch the ball python.
You kill the ball python!
You see here a +0 sling.
A rat comes into view.
A rat is nearby!
The rat barely misses you.
You hit the rat.
You kill the rat!
You have reached level 2!
Your demonic ancestry asserts itself...
You feel your blood ready itself to protect you.
You pick up a book of Frost and begin reading...
You add the spells Freeze, Frozen Ramparts and Hailstorm to your library.
A giant cockroach comes into view.
A giant cockroach is nearby!
A giant cockroach is nearby!
The giant cockroach barely misses you.
You barely miss the giant cockroach. The giant cockroach closely misses you.
The giant cockroach bites you.
You hit the giant cockroach.
The giant cockroach is heavily wounded.
The giant cockroach barely misses you.
You hit the giant cockroach.
You kill the giant cockroach!
No target in view!
No target in view!
No target in view!
You see here a giant cockroach corpse.
A bat comes into view.
A bat is nearby!
You hit the bat.
You kill the bat!
Sorry, you're not good enough to have a special ability.
Unknown command.
You see here a giant cockroach corpse.
Found a hand axe.
There is an open gate here.
There is a staircase leading out of the dungeon here.
Are you sure you want to leave the Dungeon?
This will make you lose the game!
You have escaped!

♣...# ####....
♣...## ##.#...#.
♣...##..#.#......
♣♣...##)..........
♣.....######.##...
♣♣......## #......
♣.8..8..8####..##..
♣♣........'..#..##..
♣..@......'..#......
♣♣........'.........
♣.8..8..8####...#..
♣.......### #...###
♣......##.###...#
♣♣....###.#.....###
♣....# #.#.#..###.
♣♣...# #.#.#..# #.
#.#.#..###.


There were no monsters in sight!

Vanquished Creatures
  A giant cockroach (D:1)
  2 jackals (D:1)
  2 ball pythons (D:1)
  3 bats (D:1)
  2 frilled lizards (D:1)
  A rat (D:1)
11 creatures vanquished.

Notes
Turn   | Place    | Note
-------+----------+-------------------------------------------
     0 | D:1      | Alarkh the Demonspawn Warper began the quest for the Orb.
     0 | D:1      | Reached XP level 1. HP: 16/16 MP: 3/3
   410 | D:1      | Gained mutation: When seriously injured, your blood forms
                  | armour. (AC +0) [demonic ancestry]
   410 | D:1      | Reached XP level 2. HP: 22/22 MP: 5/5
   462 | D:$      | Got out of the dungeon alive.

Illustrated notes

Levels and vault maps discovered:
D:1:      kennysheep_arrival_forest, layout_loops_ring

Skill      XL: |  1 |
---------------+----+-----
Unarmed Combat | 2 |  2.5
Fighting       | |  2.0
Throwing       | |  0.8
Armour         | |  0.8
Dodging        | |  1.7
Spellcasting   | |  2.0
Translocations | |  2.6

Action                     || total
---------------------------++-------
  Melee: Unarmed           ||    20
         Punch             ||     2
   Fire: Sling             ||    18
 Armour: Leather armour    ||     5
  Dodge: Dodged            ||    22
